[Event "Titled Tuesday Blitz March 29 Early 2022"]
[White "Sargsyan, Anna M."]
[Black "Mkrtchyan, Mariam"]
[WhiteFideId "13308130"]
[BlackFideId "13310828"]
[WhiteElo "2271"]
[BlackElo "1984"]
[Result "1/2-1/2"]
[Round "08"]
[TimeControl "180+1"]
[Date "2022.03.30"]
[WhiteClock "0:00:03"]
[BlackClock "0:00:09"]

1. d4 d6 2. g3 g6 3. Bg2 Bg7 4. c4 Nd7 5. Nc3 e5 6. Nf3 Ne7 7. O-O O-O 8. e4 exd4 9. Nxd4 Nc6 10. Be3 Nde5 11. b3 Ng4 12. Nd5 Nxe3 13. fxe3 Be6 14. Qd2 Ne5 15. Rad1 Bg4 16. Rde1 c6 17. Nf4 Qe7 18. h3 Bd7 19. Kh2 Rad8 20. Rd1 Bc8 21. Nde2 Rfe8 22. a4 Bf8 23. Nc3 Bg7 24. a5 Qc7 25. Nce2 Bf8 26. Rf2 Nd7 27. Rdf1 Nc5 28. Nc3 Nxb3 29. Qb2 Nxa5 30. Ncd5 cxd5 31. Nxd5 Bg7 32. Nxc7 Bxb2 33. Nxe8 Rxe8 34. Rxb2 Nxc4 35. Re2 b5 36. Rb1 a6 37. Kg1 Bb7 38. Kf2 Bxe4 39. Bxe4 Rxe4 40. Ra2 Rxe3 41. Rxa6 Re6 42. Rxb5 Kg7 43. Rb4 Ne5 44. Rd4 Rf6+ 45. Kg2 h5 46. Raxd6 Rxd6 47. Rxd6 Nc4 48. Ra6 Ne5 49. Kf2 Nd7 50. Kf3 Nf6 51. Kf4 Nh7 52. Ke5 Ng5 53. h4 Ne6 54. Ra7 Nc5 55. Rc7 Ne6 56. Rc6 Nf8 57. Kd6 Kf6 58. Kc7+ Ke7 59. Rd6 Ne6+ 60. Kc6 Nd8+ 61. Kd5 Ne6 62. Rc6 Ng7 63. Ke5 Nf5 64. Rc3 Kf8 65. Kf6 Ke8 66. Rd3 Nh6 67. Kg7 Nf5+ 68. Kf6 Nh6 69. Kg5 Nf5 70. Kf4 Ke7 71. Kg5 Ke6 72. Rc3 Ke5 73. Ra3 Ke6 74. Ra6+ Ke5 75. Ra3 Ke6 76. Kf4 Kf6 77. Ke4 Ke6 78. Ra6+ Nd6+ 79. Kf4 Ke7 80. Kg5 Nf5 81. g4 hxg4 82. Kxg4 Ng7 83. Kg5 Ne6+ 84. Kh6 Kf6 85. Rb6 Kf5 86. Rb7 Kf6 87. Ra7 Nd4 88. Kh7 Ne6 89. Kg8 g5 90. Rxf7+ Kg6 91. hxg5 Nxg5 92. Ra7 Kh5 93. Ra6 Ne4 94. Kg7 Kg4 95. Kg6 Kf4 96. Ra5 Ng3 97. Ra4+ Ne4 98. Kh5 Kf5 99. Ra5+ Kf4 100. Kg6 Ng3 101. Kf6 Ne4+ 102. Ke6 Nf2 103. Kd5 Ng4 104. Ra4+ Kf5 105. Ra1 Kf4 106. Rf1+ Kg3 107. Ke4 Nf2+ 108. Ke3 Ng4+ 109. Ke2 Kh4 110. Rf4 Kg5 111. Kf3 Ne5+ 112. Kg3 Ng6 113. Rf3 Ne5 114. Rf1 Ng6 115. Ra1 Ne5 116. Ra5 Kf5 117. Rb5 Ke4 118. Ra5 Kf5 119. Kf2 Ke4 120. Kg3 Kf5 1/2-1/2


[Site "https://www.chess.com"]

[Event "Titled Tuesday Blitz March 29 Early 2022"]
[White "Schut, Han"]
[Black "Todorovic, Bojan"]
[WhiteFideId "1005561"]
[BlackFideId "917087"]
[WhiteElo "2057"]
[BlackElo "2266"]
[Result "1-0"]
[Round "08"]
[TimeControl "180+1"]
[Date "2022.03.30"]
[WhiteClock "0:00:21"]
[BlackClock "0:00:26"]

1. e4 g6 2. d4 Bg7 3. Nc3 d6 4. f4 a6 5. Nf3 Nd7 6. Bd3 b5 7. e5 Bb7 8. Qe2 e6 9. Ne4 Bxe4 10. Bxe4 d5 11. Bd3 c5 12. c3 Ne7 13. O-O Nf5 14. g4 Nh4 15. f5 gxf5 16. gxf5 Nxf5 17. Bxf5 exf5 18. Bg5 Qb6 19. Kh1 Qe6 20. Nh4 f6 21. Nxf5 O-O 22. Nxg7 Qh3 23. exf6 cxd4 24. cxd4 h6 25. Qe6+ Qxe6 26. Nxe6 hxg5 27. Nxf8 Rxf8 28. Rae1 Nxf6 29. Re6 Kg7 30. Rxa6 b4 31. a3 b3 32. Kg2 g4 33. Rfxf6 Rxf6 34. Rxf6 Kxf6 35. Kg3 Kf5 36. a4 Ke4 37. a5 Kd3 38. a6 Kc2 39. a7 Kxb2 40. a8=Q Kc3 41. Qxd5 b2 42. Qc5+ Kd2 43. Qb4+ Kc1 44. Qxb2+ 1-0


[Site "https://www.chess.com"]

[Event "Titled Tuesday Blitz March 29 Early 2022"]
[White "Secer, Ata"]
[Black "Avalos Parra, Joao"]
[WhiteFideId "6303293"]
[BlackFideId "3402541"]
[WhiteElo "2282"]
[BlackElo "2173"]
[Result "1-0"]
[Round "08"]
[TimeControl "180+1"]
[Date "2022.03.30"]
[WhiteClock "0:00:05"]
[BlackClock "0:00:07"]

1. e4 c6 2. d4 d5 3. Nd2 dxe4 4. Nxe4 Bf5 5. Ng3 Bg6 6. Nh3 h6 7. Nf4 Bh7 8. Bc4 e6 9. O-O Nf6 10. Re1 Bd6 11. Bxe6 O-O 12. Bb3 Qc7 13. Qf3 Nbd7 14. c3 c5 15. dxc5 Nxc5 16. Be3 Rad8 17. Nd5 Nxd5 18. Bxd5 Nd3 19. Bd4 Nxe1 20. Rxe1 Rfe8 21. Rd1 Bg6 22. c4 Bc5 23. Bc3 Qe7 24. Qg4 Bxf2+ 25. Kxf2 Qe3+ 26. Kf1 Bd3+ 27. Rxd3 Qxd3+ 28. Ne2 g6 29. Qf3 Rxd5 30. cxd5 Kh7 31. Qxd3 1-0


[Site "https://www.chess.com"]

[Event "Titled Tuesday Blitz March 29 Early 2022"]
[White "Sergienko, Sergey"]
[Black "Kiltti, Jyrki"]
[WhiteFideId "4115791"]
[BlackFideId "501204"]
[WhiteElo "2193"]
[BlackElo "2245"]
[Result "1-0"]
[Round "08"]
[TimeControl "180+1"]
[Date "2022.03.30"]
[WhiteClock "0:00:40"]
[BlackClock "0:00:14"]

1. e4 Nc6 2. Nf3 e5 3. Bb5 Qf6 4. Nc3 Nge7 5. O-O g5 6. Nd5 Nxd5 7. exd5 Nd4 8. Nxd4 exd4 9. Re1+ Kd8 10. d3 c6 11. Ba4 Bb4 12. Bd2 Bxd2 13. Qxd2 a5 14. c4 dxc3 15. bxc3 b5 16. Bc2 cxd5 17. d4 Bb7 18. Rab1 Bc6 19. Bd3 Rb8 20. a4 b4 21. cxb4 Re8 22. b5 Ba8 23. Qxa5+ Qb6 24. Qxb6+ Rxb6 25. Rxe8+ Kxe8 26. Rc1 Bb7 27. a5 Re6 28. h4 gxh4 29. Rc7 Bc6 30. bxc6 dxc6 31. a6 Re1+ 32. Kh2 Ra1 33. a7 Kd8 34. Rxf7 1-0


[Site "https://www.chess.com"]

[Event "Titled Tuesday Blitz March 29 Early 2022"]
[White "Shandrygin, Nikita"]
[Black "Manolache, Marius"]
[WhiteFideId "24198668"]
[BlackFideId "1201530"]
[WhiteElo "2324"]
[BlackElo "2389"]
[Result "0-1"]
[Round "08"]
[TimeControl "180+1"]
[Date "2022.03.29"]
[WhiteClock "0:00:02"]
[BlackClock "0:00:08"]

1. Nf3 Nf6 2. g3 g6 3. Bg2 Bg7 4. O-O O-O 5. d4 d6 6. b3 c6 7. Bb2 a5 8. a4 Bf5 9. Nbd2 Ne4 10. Nh4 Nxd2 11. Qxd2 Bd7 12. e4 Na6 13. Rad1 Nb4 14. e5 dxe5 15. dxe5 Be6 16. Qe2 Qc7 17. f4 Rad8 18. Be4 Qb6+ 19. Kg2 Bd5 20. Nf3 c5 21. Bxd5 Nxd5 22. c4 Nb4 23. Bc3 Nc6 24. Qc2 Qc7 25. Rxd8 Rxd8 26. Rd1 b6 27. h4 Qb7 28. Kf2 Qc8 29. h5 Bh6 30. Rxd8+ Nxd8 31. Qe4 Ne6 32. hxg6 hxg6 33. f5 gxf5 34. Qxf5 Qd7 35. Qg4+ Kf8 36. Qe4 Qd1 37. Qa8+ Kg7 38. Qe4 Qxb3 39. Qd3 Qxa4 40. Nh4 Qa2+ 41. Kf3 Kg8 42. Nf5 Bg5 43. Qe4 Qb3 44. Qd3 a4 45. Ke4 a3 46. Qf3 Qc2+ 47. Kd5 a2 48. Qg4 Qxc3 49. Nxe7+ Kf8 50. Ng6+ Ke8 51. Nf4 Qd4+ 52. Kc6 Qd7+ 53. Kxb6 a1=Q 54. Nd5 Qaa7# 0-1


[Site "https://www.chess.com"]

[Event "Titled Tuesday Blitz March 29 Early 2022"]
[White "Shohat, Yotam"]
[Black "Kucuksari, Kaan"]
[WhiteFideId "2813955"]
[BlackFideId "6380166"]
[WhiteElo "2507"]
[BlackElo "2710"]
[Result "1-0"]
[Round "08"]
[TimeControl "180+1"]
[Date "2022.03.30"]
[WhiteClock "0:02:20"]
[BlackClock "0:02:12"]

1. e4 e5 2. f4 exf4 3. Bc4 Nf6 4. Nc3 Nxe4 5. Qe2 f5 6. d3 Qh4+ 7. Kf1 c6 8. dxe4 fxe4 9. Nxe4 Kd8 10. Nf3 Qe7 11. Bxf4 d5 12. Bg5 dxe4 13. Bxe7+ Bxe7 14. Qxe4 Bf6 15. Rd1+ Kc7 16. Qf4+ Kb6 17. Rd3 a6 18. Rb3+ Ka7 19. Qe3+ 1-0


[Site "https://www.chess.com"]

[Event "Titled Tuesday Blitz March 29 Early 2022"]
[White "Shtyka, Sergey"]
[Black "Namitbir Singh Walia"]
[WhiteFideId "4138465"]
[BlackFideId "35071068"]
[WhiteElo "2014"]
[BlackElo "1565"]
[Result "0-1"]
[Round "08"]
[TimeControl "180+1"]
[Date "2022.03.30"]
[WhiteClock "0:00:10"]
[BlackClock "0:00:10"]

1. e4 c5 2. Nf3 Nc6 3. d4 cxd4 4. Nxd4 g6 5. Nc3 Bg7 6. Nb3 Nf6 7. Be2 O-O 8. O-O d6 9. Bg5 a6 10. Qd2 b5 11. f3 Be6 12. Rad1 Rc8 13. Bh6 Bc4 14. Bxg7 Kxg7 15. a3 Na5 16. e5 Qb6+ 17. Kh1 dxe5 18. Nxa5 Qxa5 19. Bxc4 Rxc4 20. Qe3 b4 21. axb4 Rxb4 22. b3 Rc8 23. Rd3 Qc7 24. g4 e4 25. g5 exd3 26. gxf6+ exf6 27. Nd5 Qd6 28. Nxb4 Qxb4 29. Qxd3 a5 30. Rf2 Qe1+ 31. Kg2 Rc5 32. f4 Qe6 33. f5 Qc6+ 34. Kg1 a4 35. bxa4 Qxa4 36. Kf1 Qa1+ 37. Kg2 Qe5 38. Kg1 Rc3 39. Qe2 Re3 40. Qg4 Re1+ 41. Kg2 Re4 42. Qg3 Qd4 43. h3 Re3 44. Qf4 Qd5+ 45. Kh2 Re1 46. Rg2 Re5 47. fxg6 hxg6 48. h4 Rf5 49. Qg4 Rh5 50. Kg1 Qc5+ 51. Kh2 Qd6+ 52. Kh1 Kh7 53. Kg1 Qc5+ 54. Kh2 Qe5+ 55. Kh1 Qe1+ 56. Rg1 Rxh4+ 57. Qxh4+ Qxh4+ 58. Kg2 Qe4+ 59. Kh2 Qxc2+ 60. Kh3 Qf5+ 61. Kh2 Qf2+ 62. Kh1 Qxg1+ 63. Kxg1 Kh6 0-1


[Site "https://www.chess.com"]

[Event "Titled Tuesday Blitz March 29 Early 2022"]
[White "Shvedova, Alexandra"]
[Black "Osmonbekov, Talaibek"]
[WhiteFideId "54154782"]
[BlackFideId "2017253"]
[WhiteElo "1912"]
[BlackElo "2135"]
[Result "1-0"]
[Round "08"]
[TimeControl "180+1"]
[Date "2022.03.30"]
[WhiteClock "0:01:47"]
[BlackClock "0:00:41"]

1. e4 c5 2. Ne2 d6 3. g3 e5 4. Bg2 Nc6 5. O-O f5 6. exf5 Bxf5 7. c3 Nf6 8. d4 cxd4 9. cxd4 Be7 10. Nbc3 O-O 11. Qb3+ Kh8 12. Qxb7 exd4 13. Qxc6 dxc3 14. Qxa8 Qb6 15. Qf3 cxb2 16. Bxb2 Be4 17. Qb3 Qc6 18. Bxe4 Qxe4 19. Nd4 Qg6 20. Rae1 Bd8 21. Ne6 Re8 22. Nf4 Qh6 23. Rxe8+ Nxe8 24. Qf7 1-0


[Site "https://www.chess.com"]

[Event "Titled Tuesday Blitz March 29 Early 2022"]
[White "Simonovic, Miroslav"]
[Black "Gatterer, Florian"]
[WhiteFideId "919152"]
[BlackFideId "811688"]
[WhiteElo "2043"]
[BlackElo "2218"]
[Result "1/2-1/2"]
[Round "08"]
[TimeControl "180+1"]
[Date "2022.03.30"]
[WhiteClock "0:00:49"]
[BlackClock "0:00:10"]

1. d4 d6 2. Bg5 g6 3. h4 h6 4. Bf4 Bg7 5. e3 Nd7 6. c4 e5 7. dxe5 dxe5 8. Bg3 Ngf6 9. Nc3 Qe7 10. e4 Qb4 11. Qd2 O-O 12. O-O-O Re8 13. f3 Nb6 14. Nd5 Qxd2+ 15. Rxd2 Nfxd5 16. cxd5 c6 17. dxc6 bxc6 18. Rc2 Be6 19. Bc4 Nxc4 20. b3 Nb6 21. Rxc6 Rec8 22. Rxc8+ Rxc8+ 23. Kb2 Rd8 24. Be1 Bf8 25. Ne2 Rb8 26. Kc2 Rc8+ 27. Kb2 Nd7 28. Bc3 f6 29. f4 Nc5 30. fxe5 Nd3+ 31. Kc2 Nxe5 32. Nf4 Bb4 33. Nxe6 Rxc3+ 34. Kb1 Nd3 35. Rd1 Ba3 36. g4 Kf7 37. Nd8+ Ke7 38. Nb7 Nc5 39. Na5 Nxe4 40. Nc4 Rf3 41. Re1 f5 42. gxf5 gxf5 43. Nxa3 Kf6 44. Nb5 Rf2 45. Nxa7 Nc3+ 46. Kc1 Nxa2+ 47. Kb1 Nc3+ 48. Kc1 Na2+ 49. Kb1 Nc3+ 50. Kc1 Na2+ 1/2-1/2


[Site "https://www.chess.com"]

[Event "Titled Tuesday Blitz March 29 Early 2022"]
[White "Smietanska, Wiktoria"]
[Black "Quirke, Jeffrey"]
[WhiteFideId "21869359"]
[BlackFideId "2013029"]
[WhiteElo "1893"]
[BlackElo "2169"]
[Result "1/2-1/2"]
[Round "08"]
[TimeControl "180+1"]
[Date "2022.03.30"]
[WhiteClock "0:00:02"]
[BlackClock "0:00:01"]

1. c4 e6 2. Nc3 d5 3. cxd5 exd5 4. d4 c6 5. Nf3 Bf5 6. Bf4 Bd6 7. Bg3 Nf6 8. e3 O-O 9. Bd3 Bxd3 10. Qxd3 Re8 11. O-O Bxg3 12. hxg3 Nbd7 13. b4 a6 14. Rab1 Nb6 15. Rfc1 Ne4 16. Nd2 Nxd2 17. Qxd2 Nc4 18. Qd3 b5 19. a4 Qe7 20. axb5 axb5 21. Qf5 g6 22. Qf4 Kg7 23. g4 h6 24. g3 Ra3 25. Kg2 Rea8 26. Rh1 Qg5 27. Qxg5 hxg5 28. Rhc1 Kf6 29. Rc2 Ra1 30. Rcc1 Rxb1 31. Rxb1 Ra3 32. Ne2 Ra2 33. Nc3 Rc2 34. Nd1 Ke6 35. Ra1 Kd6 36. Kf1 Nd2+ 37. Ke1 Ne4 38. Rb1 Ra2 39. Rb2 Ra1 40. Ke2 f5 41. gxf5 gxf5 42. Rb3 g4 43. Rb2 Ng5 44. Rb3 Ra2+ 45. Rb2 Ra1 46. Rb3 Ne4 47. Rb2 Ra3 48. Kf1 Ra1 49. Ke2 1/2-1/2


[Site "https://www.chess.com"]

[Event "Titled Tuesday Blitz March 29 Early 2022"]
[White "Srinath, Rao S.V."]
[Black "Alinasab, Mobina"]
[WhiteFideId "5028876"]
[BlackFideId "12528897"]
[WhiteElo "2181"]
[BlackElo "2052"]
[Result "0-1"]
[Round "08"]
[TimeControl "180+1"]
[Date "2022.03.30"]
[WhiteClock "0:01:38"]
[BlackClock "0:01:00"]

1. f3 e5 2. Nh3 d5 3. Nf2 Nf6 4. g3 g6 5. Bg2 Bg7 6. O-O O-O 7. c3 c5 8. d3 Nc6 9. e4 dxe4 10. dxe4 b6 11. Qe2 Qc7 12. Bg5 h6 13. Bxf6 Bxf6 14. Nd2 Be7 15. Rfd1 Be6 16. h4 Rfd8 17. Qe3 Kg7 18. h5 Bg5 19. Qe2 Bxd2 20. Rxd2 Rxd2 21. Qxd2 Rd8 22. Qe2 gxh5 23. Bh3 Bxh3 24. Nxh3 Qd7 25. Nf2 Qd2 26. Re1 Qxe2 27. Rxe2 c4 28. Kg2 Na5 29. f4 Kf6 30. Kf3 Nb7 31. Ke3 Nc5 32. Re1 Rg8 33. Kf3 Rd8 34. Rh1 Rd2 35. Rxh5 exf4 36. gxf4 Rxb2 37. Rh2 Ke7 38. Rxh6 Rxa2 39. f5 Rc2 40. f6+ Ke6 41. Nh3 Rxc3+ 42. Kf4 Nd3+ 43. Ke3 Ne5+ 44. Kd4 Rd3# 0-1


[Site "https://www.chess.com"]

[Event "Titled Tuesday Blitz March 29 Early 2022"]
[White "Steinberg, Nitzan"]
[Black "Kamsky, Gata"]
[WhiteFideId "2801795"]
[BlackFideId "2000024"]
[WhiteElo "2440"]
[BlackElo "2645"]
[Result "1/2-1/2"]
[Round "08"]
[TimeControl "180+1"]
[Date "2022.03.29"]
[WhiteClock "0:01:03"]
[BlackClock "0:00:53"]

1. e4 e5 2. Nf3 Nc6 3. Bb5 Nf6 4. O-O Nxe4 5. Re1 Nd6 6. Nxe5 Be7 7. Bf1 Nf5 8. Nf3 O-O 9. d4 d5 10. c3 Nh4 11. Nxh4 Bxh4 12. Bd3 g6 13. Nd2 Bg5 14. Nf3 Bxc1 15. Qxc1 Bg4 16. Ne5 Nxe5 17. Rxe5 f6 18. Re1 Qd7 19. Qh6 Rae8 20. Qf4 Kg7 21. h3 Be6 22. h4 Bf7 23. Kh2 Qd6 24. Qxd6 cxd6 25. Kg3 Rxe1 26. Rxe1 Re8 27. Rxe8 Bxe8 28. Kf4 h6 29. g3 g5+ 30. Ke3 Kf8 31. Bf5 Ke7 32. Kf3 b6 33. b3 1/2-1/2


[Site "https://www.chess.com"]

[Event "Titled Tuesday Blitz March 29 Early 2022"]
[White "Suarez Uriel, Adrian"]
[Black "Shuvalova, Polina"]
[WhiteFideId "22230874"]
[BlackFideId "24171760"]
[WhiteElo "2316"]
[BlackElo "2355"]
[Result "0-1"]
[Round "08"]
[TimeControl "180+1"]
[Date "2022.03.30"]
[WhiteClock "0:00:03"]
[BlackClock "0:00:06"]

1. e4 c5 2. Ne2 d6 3. g3 Nf6 4. Bg2 Nc6 5. O-O g6 6. c3 Bg7 7. d4 cxd4 8. cxd4 O-O 9. Nbc3 Nd7 10. h3 Rb8 11. Be3 b5 12. Rc1 b4 13. Nd5 Bb7 14. Bg5 h6 15. Be3 e6 16. Ndf4 Qe7 17. Qd2 a5 18. h4 Rbc8 19. b3 Kh7 20. d5 Nce5 21. dxe6 fxe6 22. Nd4 Nc5 23. Rxc5 dxc5 24. Ndxe6 Rf6 25. Nxg7 Kxg7 26. Nd5 Bxd5 27. exd5 Nf7 28. Rd1 Kh7 29. Bf4 Qd7 30. Qd3 h5 31. Bf3 Kg8 32. Be4 Kg7 33. d6 Rd8 34. Qc2 Rxf4 35. gxf4 Qg4+ 36. Bg2 Rxd6 37. Rxd6 Nxd6 38. Qxc5 Nf5 39. Qc7+ Kh6 40. Qe5 Kh7 41. Qc7+ Kh6 42. Qxa5 Nxh4 43. Qg5+ Qxg5 44. fxg5+ Kxg5 45. Be4 Kf4 46. Bd3 g5 47. Kf1 Nf3 48. Be2 g4 49. Kg2 Nd4 50. Bd3 h4 51. Ba6 h3+ 52. Kg1 Nf3+ 53. Kh1 Ne1 54. Be2 Nc2 55. Kh2 Nd4 56. Bd1 Nb5 57. Be2 Nc3 58. Bc4 Nxa2 59. Be2 Nc1 60. Bd1 Nd3 61. Kg1 Nc5 62. Kh2 Ne4 63. Kg1 Nc3 64. Bc2 Kf3 65. Bd3 Ne2+ 66. Kf1 Nd4 67. Bc4 Kf4 68. Bd5 Nf3 69. Ke2 h2 70. Bxf3 gxf3+ 71. Kd3 h1=Q 0-1


[Site "https://www.chess.com"]

[Event "Titled Tuesday Blitz March 29 Early 2022"]
[White "Szpar, Milosz"]
[Black "Derraugh, Geordie"]
[WhiteFideId "1184989"]
[BlackFideId "2603950"]
[WhiteElo "2447"]
[BlackElo "2116"]
[Result "1-0"]
[Round "08"]
[TimeControl "180+1"]
[Date "2022.03.30"]
[WhiteClock "0:01:29"]
[BlackClock "0:00:23"]

1. e4 c5 2. d4 cxd4 3. c3 dxc3 4. Nxc3 e6 5. Nf3 d6 6. Bc4 h6 7. O-O Nf6 8. Bf4 e5 9. Be3 Be6 10. Qb3 Qd7 11. Rfd1 Nc6 12. Rac1 Na5 13. Bxe6 fxe6 14. Qb5 Nc6 15. Nh4 Ne7 16. Qb3 g5 17. Nf3 Nc6 18. Nd2 Ng4 19. Nc4 Nxe3 20. fxe3 O-O-O 21. Nb5 Kb8 22. Ncxd6 Bxd6 23. Rxd6 Qc8 24. Rdxc6 bxc6 25. Nd6+ Ka8 26. Nxc8 Rxc8 27. Qxe6 Kb7 28. Qxe5 Rhe8 29. Qg7+ Rc7 30. Qxh6 Rxe4 31. Qxg5 Rce7 32. Qc5 Rxe3 33. Qxc6+ 1-0


[Site "https://www.chess.com"]

[Event "Titled Tuesday Blitz March 29 Early 2022"]
[White "Tasev, Dejan"]
[Black "Toncheva, Nadya"]
[WhiteFideId "936618"]
[BlackFideId "2924056"]
[WhiteElo "2253"]
[BlackElo "1884"]
[Result "1-0"]
[Round "08"]
[TimeControl "180+1"]
[Date "2022.03.30"]
[WhiteClock "0:01:33"]
[BlackClock "0:02:08"]

1. e4 c5 2. Nf3 d6 3. Nc3 Nc6 4. d4 cxd4 5. Nxd4 Nf6 6. Bc4 e6 7. Bb3 a6 8. f3 Qc7 9. Be3 Be7 10. Qd2 O-O 11. g4 b5 12. a3 Bb7 13. h4 Rfd8 14. O-O-O Rac8 15. h5 b4 16. axb4 Nxb4 17. g5 Nd7 18. g6 Qa5 19. gxf7+ Kh8 20. Kb1 Ne5 21. Nxe6 Rd7 22. Na2 Nxf3 23. Qxb4 1-0


[Site "https://www.chess.com"]

[Event "Titled Tuesday Blitz March 29 Early 2022"]
[White "Terletsky, Oleg"]
[Black "Zemlyanskii, Ivan"]
[WhiteFideId "14116774"]
[BlackFideId "24249971"]
[WhiteElo "2064"]
[BlackElo "1759"]
[Result "0-1"]
[Round "08"]
[TimeControl "180+1"]
[Date "2022.03.30"]
[WhiteClock "0:00:03"]
[BlackClock "0:00:23"]

1. e4 c5 2. Nf3 e6 3. d4 cxd4 4. Nxd4 Nf6 5. Nc3 Nc6 6. Ndb5 Bc5 7. Nd6+ Ke7 8. Bf4 e5 9. Nf5+ Kf8 10. Bg5 d6 11. Nd5 Bxf2+ 12. Ke2 Nd4+ 13. Nxd4 Bxd4 14. Bxf6 gxf6 15. Qd2 h5 16. c3 Bc5 17. Kd1 Be6 18. Bc4 Rc8 19. Rf1 b5 20. Bb3 Bxd5 21. Bxd5 Kg7 22. Rf3 Rh6 23. Kc2 Rg6 24. Raf1 b4 25. c4 Bd4 26. Rh3 Qh8 27. Rf5 Qh6 28. Rfxh5 Qxd2+ 29. Kxd2 Rxg2+ 30. Kd3 Kf8 31. Rh7 Rg7 32. Rh8+ Rg8 33. R8h7 Rc7 34. Rf3 Rg6 35. h4 Rg4 36. Rxf6 Bxb2 37. Bxf7 Rf4 38. Bd5+ Rxf6 39. Rxc7 Bd4 40. h5 Rf3+ 41. Ke2 Rh3 42. Bf7 a5 43. Bg6 a4 44. Rb7 b3 45. axb3 axb3 46. Bf5 Rh2+ 47. Kf3 b2 48. h6 Rxh6 49. Kg4 Rh1 50. Kg5 b1=Q 0-1


[Site "https://www.chess.com"]

[Event "Titled Tuesday Blitz March 29 Early 2022"]
[White "Tiarks, Jann-Christian"]
[Black "Mikhnenko, Alexander"]
[WhiteFideId "12951595"]
[BlackFideId "34143014"]
[WhiteElo "2176"]
[BlackElo "2184"]
[Result "1/2-1/2"]
[Round "08"]
[TimeControl "180+1"]
[Date "2022.03.30"]
[WhiteClock "0:01:28"]
[BlackClock "0:00:50"]

1. e4 c5 2. c3 e6 3. d4 d5 4. exd5 exd5 5. Nf3 Nc6 6. Bb5 Nf6 7. O-O Be7 8. dxc5 Bxc5 9. Re1+ Be6 10. Ng5 O-O 11. Rxe6 fxe6 12. Nxe6 Qb6 13. Nxf8 Rxf8 14. Bxc6 Bxf2+ 15. Kh1 bxc6 16. Nd2 Be3 17. Nf3 Bxc1 18. Qxc1 Ne4 19. h3 Qf2 20. Qe1 Ng3+ 21. Kh2 Rxf3 22. Qxf2 Rxf2 23. Kxg3 Rxb2 24. Kf4 Rxg2 25. Ke5 Rc2 26. Rb1 Rxc3 27. Rb8+ Kf7 28. Rb7+ Kg6 29. Rxa7 Rxh3 30. Kd6 d4 31. Kxc6 d3 32. Rd7 Rh2 33. a4 Ra2 34. Kb5 d2 35. a5 Kf6 36. a6 Ke6 37. Rd8 Ke7 38. Rd3 h5 39. Kb6 h4 40. a7 h3 41. Rxd2 Rxd2 42. a8=Q h2 43. Qe4+ Kf8 44. Qf5+ Kg8 45. Qe6+ Kh7 46. Qh3+ Kg6 47. Qg4+ Kf6 48. Qf4+ Ke6 49. Qg4+ Kf7 50. Qf5+ Kg8 51. Qe6+ Kh7 52. Qh3+ Kg6 53. Qg4+ 1/2-1/2


[Site "https://www.chess.com"]

[Event "Titled Tuesday Blitz March 29 Early 2022"]
[White "Timofeev, Artyom"]
[Black "Paravyan, David"]
[WhiteFideId "4140419"]
[BlackFideId "4194985"]
[WhiteElo "2594"]
[BlackElo "2569"]
[Result "0-1"]
[Round "08"]
[TimeControl "180+1"]
[Date "2022.03.29"]
[WhiteClock "0:01:07"]
[BlackClock "0:00:59"]

1. e4 e5 2. Nf3 Nf6 3. Nxe5 d6 4. Nf3 Nxe4 5. Qe2 Qe7 6. d3 Nf6 7. Bg5 Qxe2+ 8. Bxe2 Be7 9. Nc3 c6 10. O-O-O h6 11. Bd2 Na6 12. h3 Nc7 13. g4 Bd7 14. Rde1 O-O-O 15. Nd4 Rde8 16. f4 Bd8 17. Bf3 d5 18. b4 Ne6 19. Nce2 Bc7 20. Nxe6 fxe6 21. Bc3 e5 22. fxe5 Bxe5 23. Bxe5 Rxe5 24. Kd2 Rhe8 25. Nd4 Kc7 26. Rxe5 Rxe5 27. Be2 Re8 28. Rg1 Rf8 29. g5 hxg5 30. Rxg5 Bxh3 31. Rxg7+ Kb8 32. a4 Bc8 33. a5 a6 34. Nb3 Ne8 35. Nc5 Nxg7 0-1


[Site "https://www.chess.com"]

[Event "Titled Tuesday Blitz March 29 Early 2022"]
[White "Tsyhanchuk, Stanislav"]
[Black "Tanenbaum, Zachary"]
[WhiteFideId "13505130"]
[BlackFideId "2060850"]
[WhiteElo "2078"]
[BlackElo "2168"]
[Result "1-0"]
[Round "08"]
[TimeControl "180+1"]
[Date "2022.03.29"]
[WhiteClock "0:00:19"]
[BlackClock "0:01:26"]

1. e4 e5 2. Nf3 Nc6 3. Bc4 Nf6 4. d4 exd4 5. O-O Nxe4 6. Re1 d5 7. Bxd5 Qxd5 8. Nc3 Qh5 9. Nxe4 Be6 10. Bg5 h6 11. Bf6 Qg6 12. Nh4 Qh7 13. Qd3 Kd7 14. Bxd4 Re8 15. Bxg7+ Kc8 16. Bxh8 Qxh8 17. c3 Be7 18. Nf3 Bg4 19. h3 Bh5 20. Nd6+ Bxd6 21. Qf5+ Kb8 22. Qxh5 Rf8 23. Re2 a6 24. Rae1 Ne7 25. Ne5 Ka7 26. Nxf7 Qf6 27. Nxd6 cxd6 28. Rxe7 Qxf2+ 29. Kh1 Qxb2 30. Qe2 Qxc3 31. Qe3+ Qc5 32. Qxc5+ dxc5 33. a4 c4 34. Rc1 Rc8 35. a5 Rc5 36. g4 c3 37. Kg2 Rxa5 38. Rxc3 Rb5 39. Re6 a5 40. Rxh6 b6 41. h4 Ka6 42. g5 a4 43. g6 Rb4 44. g7 Rg4+ 45. Rg3 Rxg3+ 46. Kxg3 Ka5 47. g8=Q b5 48. Qa2 Kb4 49. Rc6 a3 50. h5 Ka4 51. h6 b4 52. Qc4 a2 53. Ra6# 1-0


[Site "https://www.chess.com"]

[Event "Titled Tuesday Blitz March 29 Early 2022"]
[White "Tymrakiewicz, Rafal"]
[Black "Korchmar, Vasiliy"]
[WhiteFideId "1108832"]
[BlackFideId "24131750"]
[WhiteElo "2205"]
[BlackElo "2370"]
[Result "0-1"]
[Round "08"]
[TimeControl "180+1"]
[Date "2022.03.30"]
[WhiteClock "0:00:02"]
[BlackClock "0:00:04"]

1. d4 Nf6 2. Bg5 d5 3. e3 c5 4. c3 Nc6 5. Nd2 Bg4 6. Qb3 Qb6 7. Ngf3 e6 8. Qxb6 axb6 9. Bb5 Nd7 10. O-O Bd6 11. e4 Bxf3 12. gxf3 cxd4 13. exd5 exd5 14. Rfe1+ Kf8 15. cxd4 f6 16. Bh4 Kf7 17. Bg3 Bb4 18. Red1 h5 19. h3 h4 20. Bh2 Nf8 21. a3 Bxd2 22. Rxd2 Ne6 23. Rad1 Rac8 24. Kf1 Na5 25. Re2 Rhd8 26. Bd3 Nxd4 27. Bg6+ Kxg6 28. Rxd4 Rc1+ 29. Re1 Rc4 30. Red1 Rxd4 31. Rxd4 Nb3 32. Rb4 Nd2+ 33. Ke2 Nc4 34. b3 Nxa3 35. Rxb6 Nc2 36. Rxb7 Nd4+ 37. Ke3 Nf5+ 38. Kd3 d4 39. Rb6 Rc8 40. Rb7 Rc3+ 41. Ke2 Rc2+ 42. Kd3 Rxf2 43. Bc7 Rxf3+ 44. Ke4 Rxh3 45. b4 Re3+ 46. Kd5 Rb3 47. b5 d3 48. Kc4 d2 49. Kxb3 d1=Q+ 50. Kb4 Qd4+ 51. Ka5 Qc3+ 52. Ka6 Qa3+ 53. Ba5 Nd6 54. Rd7 Nxb5 55. Kxb5 Qb3+ 56. Bb4 h3 0-1


[Site "https://www.chess.com"]

[Event "Titled Tuesday Blitz March 29 Early 2022"]
[White "Vakhlamov, Igor L."]
[Black "Tregubov, Pavel V."]
[WhiteFideId "24126748"]
[BlackFideId "4115341"]
[WhiteElo "2401"]
[BlackElo "2341"]
[Result "1-0"]
[Round "08"]
[TimeControl "180+1"]
[Date "2022.03.29"]
[WhiteClock "0:00:23"]
[BlackClock "0:00:16"]

1. e4 e6 2. d4 d5 3. Nc3 Bb4 4. exd5 exd5 5. Bd3 Ne7 6. Nf3 O-O 7. O-O Bf5 8. Ne2 Nd7 9. Ng3 Bxd3 10. Qxd3 c6 11. Ng5 Nf6 12. Bf4 Ng6 13. Be5 Re8 14. c3 Bf8 15. Rae1 Ng4 16. Qf5 N4xe5 17. dxe5 f6 18. Nxh7 Nxe5 19. Nxf8 Kxf8 20. Qh7 Qd7 21. Nf5 Qf7 22. Nd6 Qg6 23. Qxg6 Nxg6 24. Rxe8+ Rxe8 25. Nxe8 Kxe8 26. Re1+ Kd7 27. f3 Kd6 28. Kf2 Ne5 29. Rd1 a5 30. h4 a4 31. b3 a3 32. Ke3 c5 33. g4 b5 34. h5 Nc6 35. f4 b4 36. c4 d4+ 37. Ke4 Ke6 38. g5 fxg5 39. fxg5 Ne5 40. h6 Nf7 41. hxg7 1-0


[Site "https://www.chess.com"]